 Dungeon Crawl Stone Soup version 0.25.1-9-gc5326a611f (webtiles) character file.

Game seed: 13780030478486403855

60 jondo1214 the Covered (level 4, -8/40 HPs)
             Began as a Hill Orc Fighter on Sept 14, 2021.
             Mangled by an orc warrior
             ... wielding a +0 mace
              (13 damage)
             ... on level 2 of the Dungeon.
             The game lasted 00:03:47 (1368 turns).

jondo1214 the Covered (Hill Orc Fighter)            Turns: 1368, Time: 00:03:48

Health: -8/40      AC:  7    Str: 17 (19) XL:     4   Next: 6%
Magic:  4/4        EV:  7    Int:  7 (8)  God:
Gold:   106        SH:  8    Dex:  7 (10) Spells: 3/3 levels left

rFire    . . .     SeeInvis .   a - +0 war axe
rCold    . . .     Gourm    .   c - +0 kite shield
rNeg     . . .     Faith    .   b - +0 scale mail
rPois    .         Spirit   .   (no helmet)
rElec    .         Reflect  .   (no cloak)
rCorr    .         Harm     .   (no gloves)
MR       .....                  (no boots)
Stlth    ..........             (no amulet)
HPRegen  0.13/turn              (no ring)
MPRegen  0.09/turn              (no ring)

@: mighty
A: no striking features
a: no special abilities


You were on level 2 of the Dungeon.
You were not hungry.

You visited 1 branch of the dungeon, and saw 3 of its levels.

You collected 106 gold pieces.

Inventory:

Hand Weapons
 a - a +0 war axe (weapon)
 i - a +4 hand axe
Missiles
 g - 13 poisoned darts (quivered)
Armour
 b - a +0 scale mail (worn)
 c - a +0 kite shield (worn)
Scrolls
 j - 2 scrolls of magic mapping {unknown}
Potions
 d - a potion of might
 l - a potion of curing {unknown}
 m - a potion of lignification {unknown}
Comestibles
 f - 7 rations


   Skills:
 * Level 3.9 Fighting
 * Level 3.9 Axes
 * Level 4.0 Armour
 * Level 3.8 Shields


You had 3 spell levels left.
You didn't know any spells.
Your spell library was empty.

Dungeon Overview and Level Annotations

Branches:
Dungeon (3/15)

Altars:


Message History

The orc warrior is heavily wounded.
You hit the orc. You block the orc's attack.
You block the orc warrior's attack.
You slash the orc warrior!
The orc warrior is severely wounded.
You hit the orc.
You kill the orc!
You slash the giant cockroach!
You kill the giant cockroach!
The orc warrior hits you with a +0 mace!!
* * * LOW HITPOINT WARNING * * *
You block the giant cockroach's attack.
It was a potion of degeneration.
There was something very wrong with that liquid.
You feel weakened.
You feel dopey.
You feel clumsy. You block the giant cockroach's attack.
You block the orc warrior's attack.
It was a potion of magic.
Magic courses through your body.
The giant cockroach bites you but does no damage.
The orc warrior hits you with a +0 mace!
You die...

.... ..# ....#... ... ..#
##....... #####.###.#
#....#... #.........#
#.#.....# #.........######
#.#......
#..............###.#..###.
#.........####..##.#....##
#.......s).# ##..#.##.#...
#.....รท..@o# ##...##.....
####..####.### #.......###
#.## ##...###....#..)..
#####.##
#..........#..####
#......# #>.........#.##
#......# #..........#.#
#......###..........#.#
#......##.............#
#.........####........#


You could see an orc warrior and a giant cockroach.

Vanquished Creatures
  2 adders (D:2)
  A worm (D:2)
  A dart slug (D:1)
  3 leopard geckos
  2 orcs (D:2)
  2 giant cockroaches (D:2)
  A hobgoblin (D:1)
  3 jackals (D:2)
  2 quokkas (D:2)
  A ball python (D:1)
  4 bats
  A frilled lizard (D:2)
  5 kobolds
  5 rats
33 creatures vanquished.

Notes
Turn   | Place    | Note
-------+----------+-------------------------------------------
     0 | D:1      | jondo1214 the Hill Orc Fighter began the quest for the Orb.
     0 | D:1      | Reached XP level 1. HP: 19/19 MP: 1/1
    93 | D:1      | Reached XP level 2. HP: 23/27 MP: 2/2
   712 | D:2      | Noticed an orc warrior
   942 | D:2      | You fall into a shaft and drop 1 floor!
   981 | D:2      | Reached XP level 3. HP: 33/33 MP: 3/3
  1364 | D:2      | Reached skill level 4 in Armour
  1364 | D:2      | Reached XP level 4. HP: 24/40 MP: 4/4
  1368 | D:2      | Mangled by an orc warrior

Illustrated notes

Levels and vault maps discovered:
D:1:      enne_arrival_octagon_isle, layout_loops_cross, minmay_misc_feat_tower
D:2:      layout_rooms, first_ration
D:3:      layout_basic, serial_co_window_serial, co_window_corner_a,
          co_window_paths_b, co_window_of_opportunity_a, co_window_paths_b,
          co_window_paths_b, co_window_cross_4, co_window_2corner,
          co_window_unsneaky_path_a, co_window_broadway_c, co_window_cross_4,
          co_window_cross_4, co_window_unsneaky_path_d, glass_columns_a,
          glass_columns_c, glass_columns_a, glass_columns_b, glass_columns_b,
          uniq_ijyb, uniq_robin

Skill      XL: |  1  2  3 |
---------------+----------+-----
Axes           | 3 |  3.9
Armour         | 4 |  4.0
Fighting       | |  3.9
Shields        | |  3.8

Action                   |  1- 3 |  4- 6 || total
-------------------------+-------+-------++-------
Melee: War axe           |   102 |     2 ||   104
  Use: Potion            |     1 |     2 ||     3
  Eat: Chunk             |     2 |       ||     2
Armor: Scale mail        |    66 |     1 ||    67
Dodge: Dodged            |    41 |     2 ||    43
Block: Kite shield       |    62 |     6 ||    68
